 Dungeon Crawl Stone Soup version 0.29-a0-362-g5854e031c7 (webtiles) character file.

Game seed: 16903733440114657430

86 markstv82 the Chiller (level 4, -7/30 HPs)
             Began as a Human Ice Elementalist on Apr 30, 2022.
             Was a Follower of Elyvilon.
             Killed from afar by Natasha (8 damage)
             ... with a magic dart
             ... on level 2 of the Dungeon on May 1, 2022.
             The game lasted 00:40:40 (1991 turns).

markstv82 the Chiller (Human Ice Elementalist)      Turns: 1991, Time: 00:40:41

Health: -7/30      AC:  2    Str:  8    XL:     4   Next: 78%
Magic:  6/8        EV: 12    Int: 18    God:    Elyvilon [*.....]
Gold:   101        SH:  0    Dex: 13    Spells: 7/8 levels left

rFire   . . .      SeeInvis .   D - +2 short sword (speed)
rCold   . . .      Faith    .   (no shield)
rNeg    . . .      Spirit   .   a - +0 robe
rPois   .          Reflect  .   (no helmet)
rElec   .          Harm     .   (no cloak)
rCorr   .          Rampage  .   (no gloves)
Will    .....                   (no boots)
Stlth   ++........              (no amulet)
HPRegen 0.10/turn               (no ring)
MPRegen 0.11/turn               (no ring)

@: slowed, very slow
A: no striking features
a: Renounce Religion, Purification


You were on level 2 of the Dungeon.
You worshipped Elyvilon.
Elyvilon was aware of your devotion.
You visited 1 branch of the dungeon, and saw 2 of its levels.

You collected 101 gold pieces.

Inventory:

Hand Weapons
 d - a +0 club
 k - a +0 club
 l - a +0 club
 o - a +0 dagger
 q - a +0 whip
 s - a +0 club
 t - a +0 dagger
 v - a +0 hand axe
 y - a +0 club
 B - a +0 dagger
 C - a +0 club
 D - a +2 short sword of speed (weapon)
Missiles
 n - 5 javelins
 p - 40 stones
Armour
 a - a +0 robe (worn)
 f - a +0 scale mail
 g - a +0 leather armour
 i - a +0 ring mail
 j - a +0 robe
 m - a +0 robe
 r - a +0 robe
 w - a +0 leather armour
 A - a +0 cloak
 E - a +0 chain mail
Scrolls
 c - a scroll of fog {unknown}
 e - 3 scrolls of identify {unknown}
 z - a scroll of immolation {unknown}
Potions
 b - a potion of magic
 h - a potion of brilliance {unknown}
 u - a potion of curing {unknown}
 x - 2 potions of attraction {unknown}


   Skills:
 + Level 0.1 Fighting
 + Level 0.6 Maces & Flails
 + Level 2.4 Dodging
 + Level 2.1 Stealth
 + Level 2.8 Spellcasting
 + Level 4.9 Ice Magic


You had 7 spell levels left.
You knew the following spells:

 Your Spells              Type           Power      Damage    Failure   Level
a - Freeze                Ice            80%        1d9       2%          1

Your spell library contained the following spells:

 Spells                   Type           Power      Damage    Failure   Level
 Frozen Ramparts          Ice            40%        1d6       7%          3
 Ozocubu's Armour         Ice            20%        N/A       7%          3
 Hailstorm                Conj/Ice       11%        3d5       52%         4


Dungeon Overview and Level Annotations

Branches:
Dungeon (2/15)

Altars:
Elyvilon

Annotations:
D:2 Natasha


Message History

Aim: a bat You freeze the bat!
You kill the bat!
You now have 101 gold pieces (gained 14).
You open the door.
Natasha opens the door.
There is an open door here.
Natasha hisses angrily.
Natasha mumbles some strange words.
Natasha casts a spell at you.
You feel yourself slow down.
There is an open door here.
Natasha stares at you and mumbles some strange words.
You resist with some effort. The white imp gestures at you.
The puff of frost hits you! Natasha claws you. The white imp gestures at you.
The puff of frost hits you.
* * * LOW HITPOINT WARNING * * *
You barely miss the white imp.
Natasha howls an incantation.
You feel disoriented. Natasha misses you. The white imp closely misses you.
Aiming: Freeze (safe; 2% risk of failure)
Press: ? - help, Q - select action, (/) - cycle Shift-Dir - straight line, f - Natasha
Aim: Natasha You freeze Natasha!
Natasha is heavily wounded.
Natasha claws you but does no damage. The white imp hits you.
* * * LOW HITPOINT WARNING * * *
The white imp freezes you.
* * * LOW HITPOINT WARNING * * *
Aiming: Freeze (safe; 2% risk of failure)
Press: ? - help, Q - select action, (/) - cycle Shift-Dir - straight line, f/p - Natasha
Aim: Natasha (heavily wounded)
You freeze Natasha.
Natasha is almost dead.
Natasha casts a spell at you. The magic dart hits you!
You die...

###.#.#.#.# ##...##
###.#.#.#..###.....#
......#.#...#.....##
###.###.####.###.## #
#.# #.# ### #.# # #.#
#.# #.# ###.###.# ##'##
........# ##...##
###..#### ##..@..##
##.....## ##...5h..##
#.......####.........#
...........+.........'..
.......#.###...>.....##.
........## ##.......##
#......## ##.....##
##....## ##...## ###.##
##'## #.#


You could see Natasha and a white imp (summoned).

Vanquished Creatures
  Natasha (D:2)
  An adder (D:2)
  A worm (D:2)
  4 dart slugs
  2 ball pythons (D:1)
  4 bats
  An endoplasm (D:2)
  A giant cockroach (D:2)
  5 hobgoblins
  3 jackals (D:2)
  3 quokkas
  A frilled lizard (D:2)
  6 goblins
  3 kobolds
  4 rats (D:1)
40 creatures vanquished.

Notes
Turn   | Place    | Note
-------+----------+-------------------------------------------
     0 | D:1      | markstv82 the Human Ice Elementalist began the quest for
                  | the Orb.
     0 | D:1      | Reached XP level 1. HP: 13/13 MP: 3/3
   419 | D:1      | Reached XP level 2. HP: 19/19 MP: 3/5
   789 | D:1      | Reached XP level 3. HP: 20/24 MP: 3/6
  1641 | D:2      | Found a faded altar of an unknown god.
  1648 | D:2      | Prayed at the altar of an unknown god.
  1648 | D:2      | Became a worshipper of Elyvilon the Healer
  1648 | D:2      | Reached * piety under Elyvilon
  1669 | D:2      | Noticed Natasha
  1678 | D:2      | Killed Natasha
  1679 | D:2      | Reached XP level 4. HP: 10/30 MP: 2/7
  1975 | D:2      | Noticed Natasha
  1990 | D:2      | HP: 1/30 [white imp[Natasha] (4)]
  1991 | D:2      | Killed from afar by Natasha

Illustrated notes

Levels and vault maps discovered:
D:1:      grunt_arrival_lava_bath, layout_basic
D:2:      layout_loops_corners, dilly_ecumenical_altar_fadedgnrine, uniq_natasha

Action                   |  1- 3 |  4- 6 || total
-------------------------+-------+-------++-------
Melee: Unarmed           |    10 |       ||    10
       Club              |    19 |     9 ||    28
       Punch             |     1 |       ||     1
       Short sword       |       |     5 ||     5
 Cast: Freeze            |    47 |    12 ||    59
Invok: Purification      |       |     1 ||     1
  Use: Potion            |     1 |       ||     1
Armor: Robe              |    13 |     6 ||    19
Dodge: Dodged            |    46 |    22 ||    68

Table legend: (Time is in decaauts)
 A = Elapsed time spent in this place.
 B = Non-inter-level travel time spent in this place.
 C = Inter-level travel time spent in this place.
 D = Time resting spent in this place.
 E = Time spent auto-exploring this place.
 F = Levels seen in this place.
 G = Mean time per level.
                   A        B        C        D        E       F      G
               +--------+--------+--------+--------+--------+-----+--------+
         Total |   2000 |   2000 |      0 |    294 |      0 |   2 | 1000.0 |
       Dungeon |   2000 |   2000 |      0 |    294 |      0 |   2 | 1000.0 |
               +--------+--------+--------+--------+--------+-----+--------+

Top non-repeatable levels by time:
     D:1: 1208 daAuts
     D:2: 791 daAuts
